 Dungeon Crawl Stone Soup version 0.24.0-37-gcf1ca852f1 (webtiles) character file.

Game seed: 15420050849043229866, levelgen mode: deterministic

39 MisterFreud the Skirmisher (level 3, -2/32 HPs)
             Began as a Formicid Abyssal Knight on Dec 6, 2019.
             Was a Follower of Lugonu.
             Slain by an iguana (10 damage)
             ... on level 2 of the Dungeon.
             The game lasted 00:02:09 (1565 turns).

MisterFreud the Skirmisher (FoAK)                   Turns: 1565, Time: 00:02:10

Health: -2/32      AC:  3    Str: 16    XL:     3   Next: 70%
Magic:  4/4        EV: 11    Int: 11    God:    Lugonu [*.....]
Gold:   50         SH:  2    Dex: 11    Spells: 2/2 levels left

rFire    . . .     SeeInvis +   a - +1 falchion
rCold    . . .     Gourm    .   (no shield)
rNeg     . . .     Faith    .   b - +0 leather armour
rPois    .         Spirit   .   (helmet unavailable)
rElec    .         Reflect  +   (no cloak)
rCorr    .         Harm     .   (no gloves)
MR       .....                  (no boots)
Stlth    +.........             d - +2 amulet of reflection
HPRegen  0.10/turn              (no ring)
MPRegen  0.09/turn              (no ring)

@: no status effects
A: permanent stasis, dig shafts and tunnels, four strong arms, antennae 3
a: Dig, Shaft Self, Depart the Abyss, Renounce Religion


You were on level 2 of the Dungeon.
You worshipped Lugonu.
Lugonu was aware of your devotion.
You were not hungry.

You visited 1 branch of the dungeon, and saw 2 of its levels.
You visited the Abyss 1 time.

You collected 50 gold pieces.

Inventory:

Hand Weapons
 a - a +1 falchion (weapon)
Missiles
 f - 38 arrows
 g - 31 stones (quivered)
 p - 16 bolts
Armour
 b - a +0 leather armour (worn)
Jewellery
 d - a +2 amulet of reflection (around neck)
 k - a cursed amulet of inaccuracy {unknown}
Scrolls
 e - 2 scrolls of remove curse {unknown}
 j - a scroll of fog {unknown}
 l - 3 scrolls of identify {unknown}
 m - 2 scrolls of enchant armour {unknown}
 o - 2 scrolls of enchant weapon {unknown}
Potions
 h - a potion of magic {unknown}
 i - 2 potions of curing {unknown}
 n - 2 potions of degeneration {unknown}
 q - a potion of lignification {unknown}
Comestibles
 c - 3 rations


   Skills:
 + Level 4.9 Fighting
 - Level 2.0 Long Blades
 - Level 2.1 Armour
 - Level 0.8 Dodging
 - Level 2.1 Invocations


You had 2 spell levels left.
You didn't know any spells.
Your spell library was empty.

Dungeon Overview and Level Annotations

Branches:
Dungeon (2/15)

Altars:


Innate Abilities, Weirdness & Mutations

You cannot be hasted, slowed, berserked, paralysed or teleported.
You can dig through walls and to a lower floor.
Your four strong arms can wield two-handed weapons with a shield.
You have a pair of large antennae on your head. (SInv)


Message History

You block the iguana's attack.
You hit the iguana but do no damage.
The iguana is lightly wounded.
The iguana misses you. The iguana closely misses you.
You hit the iguana.
The iguana is moderately wounded.
The iguana barely misses you.
You riposte.
You hit the iguana.
The iguana is moderately wounded.
You barely miss the iguana.
The iguana is moderately wounded.
The iguana bites you!
You hit the iguana.
The iguana is heavily wounded.
The iguana bites you.
* * * LOW HITPOINT WARNING * * *
You hit the iguana.
The iguana is heavily wounded.
The iguana misses you. The iguana bites you!
You die...

## #. >..#.##
....... ......†####
....{.....#
.......##.# ...{...
#K# ...#### #l# #.#
#@# #.# #.# #.# #.#
#.# #.# #.# ##.##
####.######...#
#####...........#.#
......##.######...#
.#######.# #####


You could see an iguana and a kobold.

Vanquished Creatures
  An ooze (D:1)
  2 worms (D:2)
  A leopard gecko (D:2)
  A giant cockroach (D:2)
  3 goblins
  2 hobgoblins (D:1)
  6 kobolds
  2 ball pythons
  2 bats (D:2)
  2 frilled lizards
  9 rats
31 creatures vanquished.

Vanquished Creatures (others)
  4 toadstools (D:1)
4 creatures vanquished.

Grand Total: 35 creatures vanquished

Notes
Turn   | Place    | Note
-------+----------+-------------------------------------------
     0 | Abyss:1  | MisterFreud the Formicid Abyssal Knight began the quest for
                  | the Orb.
     0 | Abyss:1  | Reached XP level 1. HP: 18/18 MP: 2/2
    20 | Abyss:1  | Noticed a smoke demon
    26 | D:1      | Escaped the Abyss
    52 | D:1      | Reached XP level 2. HP: 11/25 MP: 3/3
   303 | D:1      | Reached skill level 4 in Fighting
   306 | D:1      | Reached * piety under Lugonu
   910 | D:2      | Reached XP level 3. HP: 31/31 MP: 4/4
  1565 | D:2      | Slain by an iguana

Levels and vault maps discovered:
D:1:      ldierk_walled_garden_2, layout_basic
D:2:      layout_loops_ring, first_ration

Skill      XL: |  1  2 |
---------------+-------+-----
Fighting       | 4 |  4.9
Long Blades    | |  2.0
Armour         | |  2.1
Dodging        | |  0.8
Invocations    | |  2.1

Action                   || total
-------------------------++-------
Melee: Falchion          ||    88
Invok: Depart the Abyss  ||     1
  Eat: Chunk             ||     2
Armor: Leather armour    ||    22
Dodge: Dodged            ||    53
Block: Other             ||    14
       Reflection        ||     1
       Rpst.: Falchion   ||    13
